 Dungeon Crawl Stone Soup version 0.22-a0-423-g4197694 (webtiles) character file.

88 emperorscorpion the Shield-Bearer (level 4, 0/36 HPs)
             Began as a Minotaur Fighter on May 23, 2018.
             Was an Initiate of Hepliaklqana.
             Succumbed to an adder's poison
             ... on level 5 of the Dungeon.
             The game lasted 00:02:10 (1388 turns).

emperorscorpion the Shield-Bearer (MiFi)            Turns: 1388, Time: 00:02:10

Health: 0/36       AC: 11    Str: 22    XL:     4   Next: 29%
Magic:  3/3        EV:  4    Int:  5    God:    Hepliaklqana [......]
Gold:   56         SH:  9    Dex:  9    Spells: 3/3 levels left

rFire    . . .     SeeInvis .   a - +0 war axe
rCold    . . .     Gourm    .   c - +0 shield
rNeg     . . .     Faith    .   e - +0 plate armour
rPois    .         Spirit   .   (helmet restricted)
rElec    .         Reflect  .   (no cloak)
rCorr    .         Harm     .   (no gloves)
MR       .....                  (no boots)
Stlth    ..........             (no amulet)
HPRegen  0.12/turn              (no ring)
MPRegen  0.08/turn              (no ring)

@: lethally poisoned (0 -> -5), flying
A: retaliatory headbutt, reduced essence, horns 2
a: Recall Ancestor, Ancestor Identity, Renounce Religion


You were on level 5 of the Dungeon.
You worshipped Hepliaklqana.
Hepliaklqana was noncommittal.
You were not hungry.

You visited 1 branch of the dungeon, and saw 5 of its levels.

You collected 56 gold pieces.

Inventory:

Hand Weapons
 a - a +0 war axe (weapon)
 r - a +2 whip of venom
Missiles
 h - 19 arrows
 i - 73 stones (quivered)
 m - 6 javelins
 q - 20 bolts
Armour
 b - a +0 scale mail
 c - a +0 shield (worn)
 e - a +0 plate armour (worn)
Scrolls
 g - a scroll of noise {unknown}
 j - a scroll of fear {unknown}
 k - a scroll of immolation {unknown}
 o - a scroll of random uselessness {unknown}
 t - a scroll of remove curse {unknown}
Potions
 d - a potion of might
 p - a potion of brilliance {unknown}
 s - a potion of heal wounds {unknown}
Comestibles
 f - 6 rations
 n - 2 chunks of flesh


   Skills:
 + Level 4.3 Fighting
 + Level 3.7 Axes
 + Level 4.2 Armour
 + Level 4.4 Shields


You had 3 spell levels left.
You didn't know any spells.
Your spell library was empty.

Dungeon Overview and Level Annotations

Branches:
Dungeon (5/15)             Temple (0/1) D:5

Altars:
Hepliaklqana
Xom


Innate Abilities, Weirdness & Mutations

You reflexively headbutt those who attack you in melee.
You have a pair of horns on your head.
Your life essence is reduced to manifest your ancestor. (-10% HP)


Message History

The centaur shoots an arrow.
The arrow hits Shedsu-nefertum!
Shedsu-nefertum is destroyed!
The orc hits you but does no damage. x2; The centaur shoots an arrow.
The arrow hits you!
* * * LOW HITPOINT WARNING * * *
The orc hits you with a club.
* * * LOW HITPOINT WARNING * * *
The centaur unwields an uncursed shortbow.
The centaur hits you.
* * * LOW HITPOINT WARNING * * *
A jackal comes into view.
The orc hits you.
* * * LOW HITPOINT WARNING * * *
The jackal barks!
Found a scroll labeled MAVUER ROCLUE.
You see here an arrow.
It was a potion of flight.
You feel very buoyant.
You fly up into the air.
You die...

..h....
.......
..⌠...⌠
.......
....>.?
.......
###..⌠...⌠
####(@c......
##..oo#.......
#<..o.##.##.##
#.........#
#......#####
........#
#........#
#........#
##.......#


You could see a centaur, 3 orcs and a jackal.

Vanquished Creatures
  A howler monkey (D:5)
  2 adders
  2 worms (D:2)
  A leopard gecko (D:3)
  An orc (D:4)
  A giant cockroach (D:1)
  3 goblins (D:3)
  4 hobgoblins
  3 kobolds
  2 bats
  4 frilled lizards
  3 rats
27 creatures vanquished.

Vanquished Creatures (collateral kills)
  A giant cockroach (D:3)
  A hobgoblin (D:3)
2 creatures vanquished.

Vanquished Creatures (others)
  An ancestor (D:5)
1 creature vanquished.

Grand Total: 30 creatures vanquished

Notes
Turn   | Place    | Note
-------+----------+-------------------------------------------
     0 | D:1      | emperorscorpion the Minotaur Fighter began the quest for the Orb.
     0 | D:1      | Reached XP level 1. HP: 19/19 MP: 0/0
   266 | D:1      | Reached XP level 2. HP: 27/27 MP: 1/1
   647 | D:2      | Found a hazy altar of Hepliaklqana.
   648 | D:2      | Found a shimmering altar of Xom.
   648 | D:2      | Noticed a yak
   649 | D:2      | Noticed a spectral ugly thing
   649 | D:2      | Noticed a yak
   652 | D:2      | Became a worshipper of Hepliaklqana the Forgotten
   983 | D:3      | Reached XP level 3. HP: 29/29 MP: 2/2
  1370 | D:5      | Entered Level 5 of the Dungeon
  1373 | D:5      | Found a staircase to the Ecumenical Temple.
  1379 | D:5      | Reached XP level 4. HP: 36/36 MP: 3/3
  1381 | D:5      | Noticed a centaur
  1387 | D:5      | HP: 1/36 [orc (1)]
  1388 | D:5      | Succumbed to an adder's poison

Vault maps used:
D:1:      minmay_arrival_radiant_lines
D:2:      regret_index_temple_of_mockery
D:3:      corexii_shack_village, first_ration
D:4:      serial_shops, shop, minivault_11, minmay_misc_feat_tower, st_stairs_9
D:5:      minmay_temple_entry_large_hall, serial_shops, shop

Skill      XL: |  1  2  3 |
---------------+----------+-----
Shields        | 4 |  4.4
Fighting       | 4 |  4.3
Armour         | 4 |  4.2
Axes           | 3 |  3.7

Action                   |  1- 3 |  4- 6 || total
-------------------------+-------+-------++-------
Melee: War axe           |    79 |     7 ||    86
       Headbutt          |     9 |       ||     9
Invok: Ancestor Identity |     1 |       ||     1
  Use: Potion            |       |     1 ||     1
  Eat: Chunk             |     2 |       ||     2
Armor: Plate armour      |    27 |     6 ||    33
Dodge: Dodged            |    12 |     1 ||    13
Block: Shield            |    35 |     4 ||    39

Table legend:
 A = Spawn XP
 B = Non-spawn XP
 C = Spawn XP percentage of total XP
 D = Spawn monster count
 E = Non-spawn monster count
 F = Spawn count percentage of total count
 G = Total turns spent on level
                    A         B        C        D         E        F      G
               +---------+---------+-------+---------+---------+-------+---------
         Total |       0 |     126 |   0.0 |       0 |      29 |   0.0 |  1388
               +---------+---------+-------+---------+---------+-------+---------
           D:1 |       0 |      13 |   0.0 |       0 |       9 |   0.0 |   332
           D:2 |       0 |      11 |   0.0 |       0 |       3 |   0.0 |   391
           D:3 |       0 |      35 |   0.0 |       0 |      14 |   0.0 |   530
           D:4 |       0 |       3 |   0.0 |       0 |       1 |   0.0 |   117
           D:5 |       0 |      64 |   0.0 |       0 |       2 |   0.0 |    18
               +---------+---------+-------+---------+---------+-------+---------
